[Event "London Classic 7th"]
[Site "London"]
[Date "2015.12.04"]
[Round "1"]
[White "Caruana, Fabiano"]
[Black "Aronian, Levon"]
[Result "1/2-1/2"]
[ECO "C77"]
[WhiteElo "2787"]
[BlackElo "2781"]
[Annotator "CB"]
[PlyCount "101"]
[EventDate "2015.12.04"]
[EventType "tourn"]
[EventRounds "9"]
[EventCountry "ENG"]
[EventCategory "22"]
[SourceTitle "CBM 170"]
[Source "ChessBase"]
[SourceDate "2016.01.15"]
[SourceVersion "1"]
[SourceVersionDate "2016.01.15"]
[SourceQuality "1"]
[TimeControl "7200+1690"]
[WhiteClock "0:59:23"]
[BlackClock "1:03:03"]

1. e4 e5 2. Nf3 Nc6 3. Bb5 a6 4. Ba4 Nf6 5. O-O Be7 6. d3 b5 7. Bb3 O-O 8. Nc3
d6 9. a3 Na5 10. Ba2 Be6 11. d4 {weicht von ihrer Begenung in St. Louis 2014
ab, wo Caruana beginnend mit 15.Sa2 eine sensationelle Partie ablieferte.} (11.
Bxe6 fxe6 12. b4 Nc6 13. Bd2 d5 14. Re1 Qd6 15. Na2 Nd7 16. Qe2 d4 17. Reb1 Nb6
18. Nc1 Na4 19. Nb3 Rf7 20. Rc1 Rd8 21. Ng5 Rf6 22. Qh5 h6 23. Nf3 Rdf8 24. Rf1
R8f7 25. Rae1 Bf8 26. h3 g6 27. Qh4 Qe7 28. Qg3 Bg7 29. Na5 Nxa5 30. Nxe5 Nb7
31. Nxg6 Qd8 32. e5 Rf5 33. f4 c5 34. Nh4 Rh5 35. Nf3 Kh7 36. Qg4 Rhf5 37. Nh4
Kh8 38. Nxf5 Rxf5 39. Qg6 Qe7 40. g4 Rf8 41. f5 Qe8 42. Qxe8 Rxe8 43. f6 Bf8
44. f7 Re7 45. Rf6 Nb6 46. Bxh6 Nd7 47. Ref1 cxb4 48. axb4 Bxh6 49. Rxh6+ Kg7
50. Rh5 {1-0 (50) Caruana,F (2801)-Aronian,L (2805) Saint Louis 2014 CBM 162 
[Havasi,G]}) 11... Bxa2 12. Rxa2 Nc6 13. d5 Nb8 14. Be3 Qc8 15. Qe2 Nbd7 16.
Rd1 Qb7 17. Raa1 Rfc8 18. h3 Rab8 {Schwarz hat letztlich nur den Hebel ...c6
als Plan, dies würde seine weißen Felder jedoch sehr schwächen.} 19. Nh2 h5 {
verhindert Sg4 radikal, schwächt jedoch das Feld g5 unwiderruflich.} (19... c6
20. dxc6 Qxc6 21. Ng4 h6 {sieht ok aus}) 20. Nf3 (20. Bg5 $5 Nxd5 21. Nxd5 Bxg5
22. Qxh5 Bd8 {sieht vielversprechen für Weiß aus}) 20... Nb6 21. Bg5 g6 22. Na2
c6 23. dxc6 Rxc6 24. Bxf6 Bxf6 25. Nb4 Rc4 26. Nd5 Be7 27. Nxb6 Qxb6 {eine
typische Situation, die man aus der Najdorf Variante kennt. Weiß muss unter
allen Umständen an einer Umgruppierung des Springers nach d5 gehindert werden,
Schwarz steht aktiv genug um dies erreichen.} 28. c3 a5 29. Rd5 Rc5 30. Rad1 b4
31. Rxc5 Qxc5 32. Rd5 Qa7 33. axb4 axb4 34. c4 Rc8 35. b3 Rc5 36. Rxc5 Qxc5 37.
g3 Bd8 38. Qd2 Bb6 39. Kg2 Kg7 40. Ne1 Qc7 41. Nc2 Bc5 42. Ne3 Bxe3 43. Qxe3
Qc6 44. g4 hxg4 45. hxg4 Qc8 46. Kg3 Qc5 47. Qxc5 dxc5 48. g5 Kf8 49. f4 Ke7
50. f5 Kd6 51. f6 1/2-1/2

[Event "POL-HUN m"]
[Site "Katowice"]
[Date "2016.05.03"]
[Round "1.2"]
[White "Bartel, Mateusz"]
[Black "Gledura, Benjamin"]
[Result "0-1"]
[ECO "C77"]
[WhiteElo "2653"]
[BlackElo "2557"]
[Annotator "CB"]
[PlyCount "70"]
[EventDate "2016.05.03"]
[EventType "team-schev"]
[EventRounds "4"]
[EventCountry "POL"]
[SourceTitle "CBM 172 Extra"]
[Source "ChessBase"]
[SourceDate "2016.06.21"]
[SourceVersion "1"]
[SourceVersionDate "2016.06.21"]
[SourceQuality "1"]
[WhiteTeam "Poland"]
[BlackTeam "Hungary"]
[WhiteTeamCountry "POL"]
[BlackTeamCountry "HUN"]
[TimeControl "6000+1025"]
[WhiteClock "0:18:56"]
[BlackClock "0:02:09"]

1. e4 e5 2. Nf3 Nc6 3. Bb5 a6 4. Ba4 Nf6 5. d3 b5 6. Bb3 Be7 7. Nc3 d6 8. a3
O-O 9. Be3 Na5 10. Ba2 Be6 11. Bxe6 fxe6 12. Ne2 c5 13. Ng3 Nc6 14. O-O Qd7 15.
a4 d5 16. axb5 axb5 17. Rxa8 Rxa8 18. exd5 exd5 19. Re1 Rf8 20. Bd2 Bd6 21. c4
bxc4 22. dxc4 dxc4 23. Qa4 Nd4 24. Qxc4+ Kh8 25. Nxe5 Bxe5 26. Qxc5 $2 (26.
Rxe5 Nf3+ 27. gxf3 Qxd2 28. b3 $16) 26... Rd8 27. Ba5 (27. Qxe5 Nc6 ) 27... Ra8 28. Rxe5 Nc6 {und plötzlich ist Material weg} 29. Be1 $2 (
29. b4 $142 Nxe5 30. Qxe5 Qd1+ 31. Nf1 Re8 32. Qb5 {und Weiß kann noch kämpfen}
) 29... Nxe5 30. Qxe5 Re8 31. Qc3 Qd1 32. Kf1 Ng4 33. f3 Ne3+ 34. Kf2 Qb1 35.
Qb4 Nc2 0-1

[Event "Khanty-Mansiysk FIDE GP (Women)"]
[Site "Khanty-Mansiysk"]
[Date "2014.04.10"]
[Round "2"]
[White "Muminova, Nafisa"]
[Black "Zhao, Xue"]
[Result "1-0"]
[ECO "C77"]
[WhiteElo "2321"]
[BlackElo "2552"]
[Annotator "ChessBase Website"]
[PlyCount "113"]
[EventDate "2014.04.09"]
[EventType "tourn"]
[EventRounds "11"]
[EventCountry "RUS"]
[EventCategory "10"]
[SourceTitle "CBM 160"]
[Source "ChessBase"]
[SourceDate "2014.05.15"]
[SourceVersion "1"]
[SourceVersionDate "2014.05.15"]
[SourceQuality "1"]
[TimeControl "40/5400+30:1800+30"]
[WhiteClock "1:30:00"]
[BlackClock "1:30:00"]

1. e4 e5 2. Nf3 Nc6 3. Bb5 a6 4. Ba4 Nf6 5. d3 d6 6. c4 Be7 7. h3 O-O 8. Be3 Nb8 9. Nc3 (9. O-O
c6 10. Nc3 b5 11. Bb3 bxc4 12. dxc4 c5 13. Ba4 Bb7 14. Qc2 Bc6 15. Rfd1 Nfd7
16. a3 Bxa4 17. Qxa4 Nb6 18. Qc2 Qc8 19. b4 N8d7 20. b5 a5 21. a4 Kh8 22. Qd3
Qb7 23. Nd2 g6 24. Bh6 Rfd8 25. Nf1 Nf6 26. Ra2 Ng8 27. Bc1 f5 28. Ne3 f4 29.
Ned5 Nf6 30. Nxb6 Qxb6 31. Nd5 Qb7 32. Nxf6 Bxf6 33. Rad2 Be7 34. Bb2 Kg8 35.
Bc3 Kf7 36. Rb2 h5 37. b6 Ra6 38. Rb5 Rb8 {Yu,Y (2677)-Timman,J (2607) Wijk
aan Zee 2014 1-0 (61)}) 9... c6 10. Bc2 b5 11. O-O Nbd7 $146 (11... Bb7
12. d4 Nbd7 13. Qe2 b4 14. Na4 c5 15. d5 g6 16. b3 Nh5 17. Kh2 a5 18. Nb2 Kh8
19. g4 Ng7 20. Rg1 Bc8 21. Bh6 Nf6 22. Nd1 Ng8 23. Bd2 f5 24. gxf5 gxf5 25.
exf5 Bxf5 26. Ne3 Bxc2 27. Nxc2 Qe8 28. Ng5 Qh5 29. Qxh5 Nxh5 30. Raf1 Bxg5 31.
Rxg5 Nhf6 32. Rg2 a4 33. f4 axb3 34. axb3 Ne4 35. Bc1 exf4 36. Bb2+ Nc3 37. Rf3
Rae8 38. Na3 Nf6 39. Nb5 Nfe4 40. Nxd6 {1-0 (40) Naiditsch,A (2708)-Timman,J 
(2566) Wijk aan Zee 2013}) 12. a3 Bb7 13. Bc1 Re8 14. b4 d5 15. c5 Qc7 16. Bb2 Rad8 17. Qb1 Nf8 18. Ne2 Ng6 19. Ng3 Bc8 20. Bb3 a5 21. Qc2 Be6 22. Ng5 a4 23. Ba2 Nd7 24. Nxe6 fxe6 25. Rae1 {[%emt 0:01:06] White's Spanish gave her a permanent and solid
advantage that she carried throughout the game. In a beautiful example of
conversion of advantages Muminova first obtained a space edge, then the pair
of bishops, then the better pawn structure, and finally she won a pawn and
converted the queen endgame. A clear message that Muminova can play good chess
and is dangerous to anyone.} Kh8 26. exd5 exd5 27. Nf5 Bf8 28. Bb1 Nf6 29. Qd2 Qd7 30. Qg5 Qf7 31. Nh4 Nxh4 32. Qxh4 d4 33. f4 exf4 34. Qxf4 Rxe1 35. Rxe1 Qd5 36. Qf2 h6 37. Bc1 Ng8 38. Ba2 Qd7 39. Be6 Qb7 40. Bb2 Be7 41. Bxd4 Bf6 42. Re4 Qe7 43. Bxf6 Nxf6 44. Re3 Re8 45. d4 Qd8 46. Re5 Rf8 47. Qe3 Qc7 48. d5 cxd5 49. Bxd5 Nxd5 50. Rxd5 Qf7 51. Qd4 Qg6 52. Rd8 Rxd8 53. Qxd8+ Kh7 54. Qd6 Qc2 55. c6 Qc1+ 56. Kh2 Qxa3 57. Qc5 1-0

[Event "FRA-chT Top 12"]
[Site "Drancy"]
[Date "2016.05.30"]
[Round "3.5"]
[White "Fressinet, Laurent"]
[Black "Bachmann, Axel"]
[Result "0-1"]
[ECO "C77"]
[WhiteElo "2692"]
[BlackElo "2632"]
[Annotator "ChessBase Website"]
[PlyCount "84"]
[EventDate "2016.05.28"]
[EventType "team-tourn"]
[EventRounds "11"]
[EventCountry "FRA"]
[SourceTitle "CBM 172 Extra"]
[Source "ChessBase"]
[SourceDate "2016.06.21"]
[SourceVersion "1"]
[SourceVersionDate "2016.06.21"]
[SourceQuality "1"]
[WhiteTeam "Clichy Echecs"]
[BlackTeam "Bois Colombes"]
[WhiteTeamCountry "FRA"]
[BlackTeamCountry "FRA"]
[TimeControl "40/5400+30:1800+30"]

1. e4 Nc6 2. Nf3 e5 3. Bb5 a6 4. Ba4 Nf6 5. O-O Be7 6. d3 d6 7. c3 O-O 8. Nbd2 b5 9. Bc2 d5 10. Re1 d4 11. Nf1 (11. h3 Nd7 12. Bb3 Bb7 13. Bd5 dxc3 14. bxc3 Bd6 15. Nb3 Nb6 16. c4
Na4 17. Bd2 Qe7 18. Qc2 bxc4 19. dxc4 Bb4 20. Bxc6 Bxc6 21. Bxb4 Qxb4 22. Nxe5
Qd6 23. Nxc6 Qxc6 24. Nd4 Qc5 25. Nb3 Qe5 26. Rad1 Rfe8 27. Re3 Rab8 28. Rd5
Qb2 29. Qxb2 Nxb2 30. c5 Nc4 31. Re2 a5 32. Rd4 a4 33. Rxc4 axb3 34. axb3 Rxb3
35. Rd2 Kf8 36. f3 Rb5 {1-0 (36) Karjakin,S (2762)-Mamedyarov,S (2736) Baku
2015}) 11... Nd7 12. a4 Rb8 13. axb5 axb5 14. Bb3 Bf6
$146 (14... Nb6 15. cxd4 exd4 16. Ng3 Bg4 17. h3 Bxf3 18. Qxf3
Ne5 19. Qe2 c5 20. Bf4 Bf6 21. Nh5 c4 22. Nxf6+ Qxf6 23. Bxe5 Qxe5 24. dxc4
bxc4 25. Bxc4 Nxc4 26. Qxc4 Rxb2 27. Red1 Qxe4 28. Qxd4 Qxd4 29. Rxd4 g6 30.
Rad1 Kg7 31. R4d2 {1/2-1/2 (31) Sevian,S (2589)-Postny,E (2673) Stockholm 2016}
) 15. cxd4 exd4 16. Bf4 Nc5 17. Rc1 Be7 18. Bd5 Nb4 19. Nxd4 Rb6 $1 {[%emt 0:
00:30] In spite of the many minor pieces still on the board, Black has seen
ahead and prepares a rook lift to the kingside.} 20. Qd2 Nbxd3 21. b4 Nxf4 22. bxc5 Bg5 $1 {[%emt 0:00:30] Once more the Paraguayan grandmaster
shows his tactical acumem as he plays this timely zwischenzug threatening to
win the queen.} 23. Qc2 ({Playing} 23. cxb6 {would not be
losing in any way, at least not objectively, but the chaotic imbalance might
not be to Fressinet's taste as he really wants to dampen Black's ambitions.}
Nh3+ 24. gxh3 Bxd2 25. Nxd2 Qg5+ 26. Kh1 Qxd2 27. Rcd1 Qxf2 28. Rf1 Qb2 29. b7
Bxh3 30. Rg1 c5 {and good luck trying to evaluate this.}) 23... Rg6 24. Rcd1 Nxd5 25. exd5 Qxd5 26. Nxb5 Qb7 27.
Nd4 Bf6 28. Ng3 h5 29. Qe4 h4 30. c6 Qb4 31. Ngf5 Rg5 $1 {[%emt 0:00:43] Black
has been outplaying White ever so slightly and now has an edge thanks to his
bishop pair and pressure against the king.} 32. Ne7+ $2 {[%emt 0:01:38] The
common wisdom is to simplify when trying to ease pressure, and avoid exchanges
when on the offensive. Naturally this needs to be examined on a case-by-case
basis, and here this only makes things worse.} Bxe7 33. Qxe7 Qxe7 34. Rxe7 Bh3 35. Rd3 {[%emt 0:02:15] [#]} Ra8 $1 {[%emt 0:05:45] Another strong
zwischenzug. The back rank threats take precedence needless to say.} 36. Rde3
$2 {[%emt 0:00:46] White finally cracks under the pressure.} (36. Kf1 {was the
ugly, but necessary choice.} Bxg2+ 37. Ke2 Rc8 {and the game is not over yet.})
36... Rxg2+ 37. Kh1 Ra1+ 38.
Re1 Rxe1+ 39. Rxe1 Rg4 40. Re8+ Kh7 41. Rd8 Bg2+ 42. Kg1 Bd5+ $1 {
cutting off the white rook from his knight, with ...Rxd4 to follow} 0-1

[Event "Metz op 31th"]
[Site "Metz"]
[Date "2013.04.23"]
[Round "6"]
[White "Philippe, Christophe"]
[Black "Klek, Hanna Marie"]
[Result "1/2-1/2"]
[ECO "C77"]
[WhiteElo "2384"]
[BlackElo "2332"]
[Annotator "Metz Alekhine/Primel,D"]
[PlyCount "54"]
[EventDate "2013.04.20"]
[EventType "swiss"]
[EventRounds "9"]
[EventCountry "FRA"]
[SourceTitle "EXT 2016"]
[Source "ChessBase"]
[SourceDate "2015.10.08"]
[SourceVersion "1"]
[SourceVersionDate "2015.10.08"]
[SourceQuality "1"]
[TimeControl "40/5400:1800+30"]
[WhiteClock "1:30:00"]
[BlackClock "1:30:00"]

1. e4 e5 2. Nf3 Nc6 3. Bb5 a6 4. Ba4 Nf6 5. d3 $5 {Assez populaire depuis
quelques années} (5. O-O) 5... b5 (5... d6 6. c3 g6) 6. Bb3 Bc5 7. Nc3 h6 8.
Nd5 d6 9. c3 O-O 10. O-O Ba7 11. Be3 (11. a4 Bb7 12. Nxf6+ Qxf6 13. Bd5 Nd8 14.
Be3 c6 15. Bb3 Ne6 16. Bxa7 Rxa7 17. axb5 cxb5 18. g3 Nc5 19. Bc2 d5 20. d4
exd4 21. e5 Qe7 22. Qxd4 Raa8 23. Rae1 Rfd8 24. Nh4 Bc8 25. b4 Ne4 26. Rxe4
dxe4 27. Qxe4 Qb7 28. Qh7+ Kf8 29. Be4 Qb8 30. Qh8+ Ke7 31. Qxg7 Bh3 32. Ng6+
Kd7 33. Qxf7+ Kc8 34. Ne7+ {1-0 (34) Dominguez Perez,L (2754)-Ponomariov,R 
(2731) Beijing 2013}) 11... Na5 $146 (11... Be6 12. Bxa7 Rxa7 13. a4 $14 {
Hirneise,T (2431)-Papp,P (2230) Budapest FS04 IM 2011 (8) 1-0}) 12. Bc2 c5 13.
b4 cxb4 14. cxb4 Nc6 15. Bb3 Be6 16. Rc1 Bxd5 17. Bxd5 Nxd5 18. exd5 Ne7 (18...
Nxb4 19. a3) 19. Qb3 Qd7 20. Rfe1 Qb7 21. Bxa7 Rxa7 22. d4 Nxd5 23. dxe5 dxe5
24. Rxe5 Nf6 25. h3 Re8 26. Rxe8+ Nxe8 27. Nd4 Qe4 1/2-1/2